 Dungeon Crawl Stone Soup version bcrawl-1.36.4 (webtiles) character file.

Game seed: 17709150407841114308

593157 Turbognida the Eclecticist (level 18, -20/131 HPs)
             Began as an Oni Conjurer on July 13, 2022.
             Was the Champion of Hepliaklqana.
             Shot with an arrow by a deep elf master archer (36 damage)
             ... on level 3 of the Elven Halls.
             The game lasted 02:06:59 (28302 turns).

Turbognida the Eclecticist (Oni Conjurer)          Turns: 28302, Time: 02:06:59

Health: -20/131    AC:  9    Str: 12    XL:     18   Next: 33%
Magic:  47/71      EV: 20    Int: 23    God:    Hepliaklqana [******]
Gold:   614        SH:  3    Dex: 15    Spells: 7/53 levels left

rFire    + . .     SeeInvis .   s - +9 staff of Wucad Mu {crush, +Abjure *Drain MP+20}
rCold    . . .     Gourm    .   (no shield)
rNeg     . . .     Faith    .   O - +2 robe {RegenMP}
rPois    +         Spirit   .   (helmet restricted)
rElec    .         Reflect  +   N - +1 cloak
rCorr    .                      (no gloves)
MR       ++...                  R - +2 pair of boots
Stlth    +++.......             F - +3 amulet of reflection
HPRegen  0.31/turn              p - ring of protection from magic
MPRegen  0.84/turn              r - ring of Gyrghon {MP+9 EV+5 Slay+2}

@: aura of abjuration, hasted, studying Staves, very quick
A: oni magic, reduced essence, claws 1, fangs 1, horns 1, clever 1, fire
resistance 1, poison resistance, wild magic 1
a: Recall Ancestor, Ancestor Identity, Transference, Incarnate, Renounce
Religion


You were on level 3 of the Elven Halls.
You worshipped Hepliaklqana.
Hepliaklqana was exalted by your worship.
You were not hungry.

You visited 6 branches of the dungeon, and saw 24 of its levels.
You also visited: Sewer and Wizlab.

You collected 2807 gold pieces.
You spent 2193 gold pieces at shops.

Inventory:

Hand Weapons
 b - the +4 serpentine sling {petrify}
   (You found it on level 6 of the Lair of Beasts)

   It can petrify creatures with low resistance to magic that it strikes.
 d - the +10 broad axe of Hinoutir {vamp, rPois Str+2}
   (You took it off a deep elf annihilator on level 3 of the Elven Halls)

   It inflicts no extra harm, but heals its wielder when it wounds a living foe.
   It affects your strength (+2).
   It protects you from poison.
 s - the +9 staff of Wucad Mu (weapon) {crush, +Abjure *Drain MP+20}
   (You found it in a wizard's laboratory)

   It will always inflict at least some extra damage.
   This minimum extra damage increases with your current reserve of magical
   power.
   It affects your magic capacity (+20).
   It causes draining when unequipped.
 Z - the +12 glaive of Prune {chop, lignify}
   (You took it off a deep elf death mage on level 3 of the Elven Halls)

   It will always inflict at least some extra damage.
   This minimum extra damage increases with your current reserve of magical
   power.
Missiles
 f - 920 sling bullets
 u - 1026 poisoned tomahawks (quivered)
 I - a throwing net {=f}
 P - 98 javelins of penetration {=f}
Armour
 E - a +3 troll leather armour {Snorg}
 N - a +1 cloak (worn)
 O - a +2 robe of magic recovery (worn)
 R - a +2 pair of boots (worn)
Jewellery
 g - an uncursed ring of see invisible
 p - a ring of protection from magic (left claw)
 r - the ring of Gyrghon (right claw) {MP+9 EV+5 Slay+2}
   (You bought it in a shop on level 11 of the Dungeon)

   [ring of evasion]

   It affects your evasion (+5).
   It affects your accuracy and damage with ranged weapons and melee attacks
   (+2).
   It affects your magic capacity (+9).
 w - the cursed ring "Ynnolo" {*Slow rC+++ Str+3 Int-3}
   (You took it off a deep elf sorcerer on level 3 of the Elven Halls)

   [ring of intelligence]

   It affects your strength (+3).
   It affects your intelligence (-3).
   It renders you almost immune to cold.
   It may slow you when you take damage.
   It has a curse placed upon it.
 A - an uncursed ring of teleportation
 C - an uncursed ring of positive energy
 F - a +3 amulet of reflection (around neck)
 M - the amulet of Rainkuch {Inacc rPois}
   (You found it on level 3 of the Elven Halls)

   [amulet of inaccuracy]

   It reduces the accuracy of all your attacks.
   It protects you from poison.
 Q - the ring "Gigocul" {Fire rPois}
   (You found it on level 10 of the Dungeon)

   [ring of fire]

   It enhances your fire magic.
   It protects you from fire.
   It makes you vulnerable to cold.
   It protects you from poison.
 W - the ring of Caokiale {rPois rF- MR+ Dex+8 Stlth++}
   (You took it off a deep elf annihilator on level 3 of the Elven Halls)

   [ring of stealth]

   It affects your dexterity (+8).
   It makes you vulnerable to fire.
   It protects you from poison.
   It affects your resistance to hostile enchantments.
   It makes you much more stealthy.
Wands
 D - a wand of digging (12)
 G - a wand of polymorph (12)
 H - a wand of disintegration (7)
 J - a wand of paralysis (31)
 L - a wand of iceblast (11)
 T - a wand of acid (10)
 U - a wand of random effects (8)
 X - a wand of scattershot (5)
Scrolls
 i - 4 scrolls of identify
 j - 7 scrolls of amnesia
 l - 7 scrolls of immolation
 m - 5 scrolls of enchant weapon
 t - 2 scrolls of magic mapping
 x - 8 scrolls of teleportation
 y - 3 scrolls of fog
 z - 7 scrolls of remove curse
Potions
 a - a potion of cancellation
 c - 5 potions of magic
 h - a potion of berserk rage
 k - 4 potions of mutation
 o - 7 potions of flight
 q - 3 potions of agility
 v - a potion of ambrosia
 B - 2 potions of curing
 K - 2 potions of might
 S - 2 potions of lignification
 V - a potion of brilliance
Comestibles
 e - 40 rations {!d}
 Y - 4 chunks of flesh


   Skills:
 + Level 9.6 Fighting
   Level 2.6 Short Blades
 * Level 6.8 Staves
 - Level 1.1(1.8) Slings
 - Level 2.0(2.2) Throwing
 - Level 3.2 Armour
 - Level 5.5 Dodging
 - Level 5.1 Stealth
 + Level 4.8 Unarmed Combat
 * Level 18.2 Spellcasting
   Level 18.2 Conjurations
   Level 18.2 Hexes
   Level 18.2 Charms
   Level 18.2 Summonings
   Level 18.2 Necromancy
   Level 18.2 Translocations
   Level 18.2 Transmutations
   Level 18.2 Fire Magic
   Level 18.2 Ice Magic
   Level 18.2 Air Magic
   Level 18.2 Earth Magic
   Level 18.2 Poison Magic
 + Level 6.7 Invocations
 + Level 3.0 Evocations


You had 7 spell levels left.
You knew the following spells:

 Your Spells              Type           Power        Failure   Level  Hunger
a - Iskenderun's Mystic   Conj           ########     1%          3    None
b - Throw Frost           Conj/Ice       ######       1%          2    None
c - Fulminant Prism       Conj/Hex       #######...   1%          4    None
d - Freezing Cloud        Ice/Air        #######...   1%          6    None
e - Yara's Violent Unrav  Hex/Tmut       #######...   1%          4    None
f - Irradiate             Conj/Tmut      #######...   1%          5    None
g - Summon Forest         Summ/Tloc      #######...   1%          5    None
h - Magic Dart            Conj           ####         1%          1    None
i - Dispel Undead         Necr           ########     1%          5    None
j - Mephitic Cloud        Conj/Pois/Air  #######.     1%          3    None
k - Searing Ray           Conj           ########     1%          2    None
l - Aura of Abjuration    Summ           ########..   1%          6    None

Your spell library contained the following spells:

 Spells                   Type           Power        Failure   Level  Hunger
 Infestation              Hex/Tmut/Pois  #######..    1%          6    None
 Virulence                Hex/Pois       #######.     1%          6    None


Dungeon Overview and Level Annotations

Branches:
Dungeon (12/12)            Temple (0/1) D:6            Lair (6/6) D:8
 Shoals (0/3) Lair:4       Spider (1/3) Lair:4        Slime (1/5) Lair:5
    Orc (1/1) D:9             Elf (3/3) Orc          Vaults (0/3) D:11
 Depths (0/5) D:12
  Swamp: Lair:2-4     Snake: Lair:2-4

Altars:
Elyvilon
Hepliaklqana
Kikubaaqudgha
Makhleb
Nemelex Xobeh
Okawaru
Qazlal
Ru
Sif Muna
Vehumet
Xom
Yredelemnul
Beogh
Jiyva

Shops:
D:8 ?=!!(   D:11 =   Orc *[(*   Elf:1 %[?   Elf:2 !=   Elf:3 (

Annotations:
D:7 2 runed doors
Lair:4 1 runed door
Elf:2 3 runed doors


Innate Abilities, Weirdness & Mutations

You learn spells by gaining experience, not through books or religion.
You only train spellcasting to practice magic.
You have sharp fingernails.
You have very sharp teeth.
You have a pair of small horns on your head.
Your life essence is reduced to manifest your ancestor. (-10% HP)
Your mind is acute. (Int +2)
Your flesh is heat resistant. (rF+)
Your system is resistant to poisons. (rPois)
Your spells are a little harder to cast, but a little more powerful.


Message History

The deep elf demonologist casts a spell.
A deep elf high priest comes into view. It is wielding a +0 long sword.
The deep elf master archer shoots an arrow.
The arrow hits you!
* * * LOW HITPOINT WARNING * * *
You see here a book of Summonings.
Okay, then.
As you read the scroll of fog, it crumbles to dust.
The scroll dissolves into smoke.
The ice devil disappears in a puff of smoke!
Citlalmina is engulfed in freezing vapours.
You destroy Citlalmina!
The deep elf master archer shoots an arrow.
You reflect the arrow off an invisible shield around you!
The arrow closely misses the deep elf master archer.
The arrow hits the deep elf high priest!!
You feel yourself speed up.
The deep elf master archer shoots an arrow.
The arrow hits you!!!
You die...

#..# #ee# ###e§# ##.#§§#
##°°#§§## ##########.○)○§○§#
##### ####
#........#§§°°.#.........#...
+........#§§§§§#.........#...
#..).....'.§@§§'.).......'...
##'##'#########§#####)########'##
...........)....)).............).
................)........R.......
#########''######################
≈≈≈≈≈≈≈≈≈..≈≈≈≈≈≈≈≈≈≈≈≈≈≈≈≈≈≈≈≈≈≈
≈≈≈≈≈≈≈[≈.[≈≈≈≈≈≈≈≈≈≈≈≈≈≈≈≈≈≈≈≈≈≈
.................................
.................................


You could see a deep elf master archer, a deep elf demonologist and a deep elf
high priest.

Vanquished Creatures
  Bai Suzhen (Elf:1)
  2 deep elf blademasters (Elf:3)
  4 deep elf sorcerers (Elf:3)
  An orc warlord (Orc)
  6 deep elf elementalists (Elf:3)
  A deep elf demonologist (Elf:3)
  7 deep elf annihilators (Elf:3)
  An orange crystal statue (WizLab)
  The ghost of quik the Peltast, a journeyman DDFi of Elyvilon (Lair:3)
  6 deep elf death magi
  2 ettins
  A deep elf high priest (Elf:3)
  2 fire dragons (Lair:6)
  2 vault guards (D:11)
  4 hydras
  Erica (D:8)
  2 ogre magi (D:12)
  3 two-headed ogres (D:12)
  3 death yaks (Lair:5)
  3 tengu warriors
  15 dancing weapons
  2 orc high priests (Orc)
  9 deep elf knights
  4 centaur warriors
  A deep troll (D:12)
  An unseen horror (D:12)
  2 deep elf archers
  A wolf spider zombie (D:12)
  3 orc knights (Orc)
  3 wolf spiders
  2 ugly things
  4 orc sorcerers (Orc)
  31 deep elf magi
  A manticore (D:9)
  An elephant (D:8)
  8 black mambas
  A torpor snail (Lair:5)
  2 molten gargoyles (Lair:6)
  2 gargoyles (D:12)
  5 rime drakes
  8 cane toads
  An eye of draining (D:11)
  5 komodo dragons
  2 yaktaurs (D:11)
  4 trolls
  A queen bee (Lair:5)
  A hippogriff (shapeshifter) (Elf:3)
  2 harpy skeletons (D:11)
  2 hornets
  16 blink frogs
  A snapping turtle (shapeshifter) (D:11)
  8 hippogriffs
  3 slime creatures
  A meliai zombie (D:9)
  4 dream sheep (Lair:4)
  4 air elementals
  2 shadows (D:11)
  3 wyverns
  A tarantella (Spider:1)
  35 yaks
  5 basilisks
  3 water elementals
  2 hungry ghosts
  2 steam dragons
  A fire elemental (Elf:3)
  13 crocodiles
  2 wargs (Orc)
  Duvessa (D:4)
  A floating eye (shapeshifter) (Elf:1)
  A hell hound (Lair:6)
  3 water moccasins
  8 porcupines
  A hornet zombie (D:9)
  An ice beast (D:9)
  5 sky beasts
  22 orc warriors
  A soldier ant (D:12)
  15 ogres
  16 bullfrogs
  3 kobold brigands
  A gnoll sergeant (D:7)
  2 earth elementals (Elf:1)
  6 centaurs
  3 scorpions
  27 killer bees
  A killer bee (shapeshifter) (D:11)
  A statue (D:8)
  6 wights
  2 howler monkeys (D:5)
  15 orc priests
  4 electric eels
  6 lava snakes
  5 crimson imps
  A quasit (D:10)
  5 jellies
  5 hounds
  19 orc wizards
  A bullfrog skeleton (D:5)
  4 knights
  2 iguanas
  A worker ant (shapeshifter) (D:8)
  11 worker ants
  A hound skeleton (D:4)
  A worker ant zombie (D:5)
  4 gnolls
  A howler monkey skeleton (D:5)
  6 adders
  An adder (shapeshifter) (D:8)
  3 river rats (Sewer)
  2 shadow imps
  6 oozes
  6 worms
  4 dart slugs
  8 leopard geckos
  68 orcs
  6 giant cockroaches
  11 goblins
  8 hobgoblins
  6 jackals
  18 kobolds
  6 quokkas
  A ball python (D:3)
  8 bats
  5 frilled lizards
  A quokka skeleton (D:6)
  10 rats
  8 fulminant prisms
  7 fungi
  2 plants
  A snaplasher vine (Elf:3)
698 creatures vanquished.

Vanquished Creatures (collateral kills)
  A deep elf sorcerer (Elf:3)
  2 deep elf annihilators (Elf:3)
  Snorg (D:12)
  3 vault guards (D:11)
  2 hydras
  3 dancing weapons (Elf:2)
  A deep elf knight (D:12)
  Nergalle (Lair:1)
  A lindwurm (Lair:6)
  A wizard (D:11)
  A wolf spider zombie (D:11)
  A wolf spider (Lair:4)
  A deep elf mage (Elf:3)
  An ugly thing (D:10)
  A cane toad (Lair:6)
  A molten gargoyle (Lair:6)
  A torpor snail (Lair:5)
  A rime drake (Lair:6)
  A dryad (D:8)
  2 blink frogs (Lair:5)
  A hippogriff (D:6)
  An air elemental (Elf:3)
  A shadow (D:11)
  2 wyverns (Lair:6)
  16 yaks
  3 basilisks
  A hungry ghost (D:8)
  A crocodile (D:12)
  A porcupine (Lair:1)
  A water moccasin (Lair:6)
  2 hell hounds (Lair:6)
  An ice beast (D:10)
  5 orc warriors (Orc)
  2 ogres
  A necrophage (D:7)
  A kobold brigand (Sewer)
  2 bullfrogs
  Dowan (D:4)
  5 centaurs
  5 killer bees
  2 wights (D:10)
  3 orc priests
  A lava snake (Lair:6)
  A quasit (D:9)
  A jelly (D:10)
  4 orc wizards
  A hound skeleton (D:3)
  5 gnolls
  3 adders
  An ooze (D:10)
  A worm (D:3)
  A leopard gecko (D:3)
  10 orcs
  2 kobolds (Sewer)
  A bush (Lair:6)
  2 fulminant prisms
  5 fungi
  7 plants
  3 snaplasher vines
134 creatures vanquished.

Vanquished Creatures (others)
  A wizard (D:11)
  A deep elf archer (Elf:2)
  A deep elf mage (Elf:2)
  2 yaks (Lair:4)
  8 knights
  2 ancestors
  A bush (Lair:3)
  40 fulminant prisms
  7 fungi
  9 plants
  2 snaplasher vines
74 creatures vanquished.

Grand Total: 906 creatures vanquished

Notes
Turn   | Place    | Note
-------+----------+-------------------------------------------
     0 | D:1      | Reached skill level 3 in Spellcasting
     0 | D:1      | Turbognida the Oni Conjurer began the quest for the Orb.
     0 | D:1      | Reached XP level 1. HP: 14/14 MP: 6/6
    59 | D:1      | Reached XP level 2. HP: 14/20 MP: 4/8
   211 | D:1      | Learned a level 2 spell: Throw Frost
   214 | D:1      | Learned a level 2 spell: Searing Ray
   257 | D:1      | Reached XP level 3. HP: 9/26 MP: 0/10
   494 | D:1      | Learned a level 3 spell: Iskenderun's Mystic Blast
  1038 | D:2      | Reached XP level 4. HP: 33/33 MP: 0/11
  1330 | D:2      | Found a hazy altar of Hepliaklqana.
  1342 | D:2      | Became a worshipper of Hepliaklqana the Forgotten
  1563 | D:2      | Reached skill level 4 in Spellcasting
  1568 | D:2      | Reached skill level 1 in Unarmed Combat
  2064 | D:3      | Reached XP level 5. HP: 18/34 MP: 2/13
  2653 | D:3      | Reached XP level 6. HP: 12/41 MP: 0/14
  3172 | D:4      | Noticed a sky beast
  3179 | D:4      | Killed a sky beast
  3220 | D:4      | Reached skill level 1 in Fighting
  3220 | D:4      | Reached skill level 5 in Spellcasting
  3394 | D:4      | Reached XP level 7. HP: 46/46 MP: 12/16
  3463 | D:4      | Reached * piety under Hepliaklqana
  3504 | D:4      | Learned a level 3 spell: Mephitic Cloud
  3509 | D:4      | Learned a level 4 spell: Fulminant Prism
  3998 | D:4      | Noticed Duvessa
  3999 | D:4      | Noticed Dowan
  4010 | D:4      | Killed Duvessa
  4016 | D:4      | Killed Dowan
  4110 | D:5      | Entered Level 5 of the Dungeon
  4129 | D:5      | Reached skill level 6 in Spellcasting
  4129 | D:5      | Reached XP level 8. HP: 54/54 MP: 8/19
  4526 | D:5      | Reached skill level 1 in Armour
  4620 | D:5      | Found a glowing drain.
  4624 | Sewer    | Entered a sewer
  4643 | Sewer    | Reached skill level 1 in Short Blades
  4811 | Sewer    | Found a glowing silver altar of Zin.
  5254 | D:6      | Reached skill level 7 in Spellcasting
  5369 | D:6      | Reached XP level 9. HP: 61/61 MP: 9/21
  5752 | D:6      | Found a shimmering blue altar of Sif Muna.
  6120 | D:6      | HP: 2/61 [hippogriff (8)]
  6313 | D:6      | Found an iron altar of Okawaru.
  6378 | D:6      | Found a staircase to the Ecumenical Temple.
  6386 | D:6      | Reached skill level 8 in Spellcasting
  6505 | D:6      | Reached ** piety under Hepliaklqana
  6505 | D:6      | Found a sparkling altar of Nemelex Xobeh.
  6505 | D:6      | Found a sacrificial altar of Ru.
  6506 | D:6      | Remembered your ancestor Citlalmina as a knight
  6507 | D:6      | Found an ancient bone altar of Kikubaaqudgha.
  6626 | D:7      | Found a sparkling altar of Nemelex Xobeh.
  6879 | D:7      | Found a runed door.
  6911 | D:7      | Learned a level 4 spell: Yara's Violent Unravelling
  6917 | D:7      | Learned a level 5 spell: Irradiate
  7093 | D:7      | Found a runed door.
  7368 | D:7      | Found a basalt altar of Yredelemnul.
  7544 | D:8      | Found Fuigil's Magic Scroll Emporium.
  7549 | D:8      | Bought a scroll of identify for 24 gold pieces
  7549 | D:8      | Bought a scroll of identify for 24 gold pieces
  7561 | D:8      | Found Wyelai's Weapon Shop.
  7595 | D:8      | Found Huippip's Distillery.
  7602 | D:8      | Bought a potion of mutation for 112 gold pieces
  7602 | D:8      | Bought a potion of curing for 35 gold pieces
  7602 | D:8      | Bought a potion of heal wounds for 70 gold pieces
  7602 | D:8      | Bought 2 potions of ambrosia for 112 gold pieces
  7602 | D:8      | Bought a potion of might for 56 gold pieces
  7602 | D:8      | Bought a potion of curing for 35 gold pieces
  7602 | D:8      | Gained mutation: You are agile. (Dex +2) [potion of
                  | mutation]
  7602 | D:8      | Gained mutation: Your flesh is heat resistant. (rF+)
                  | [potion of mutation]
  7603 | D:8      | Lost mutation: Your flesh is heat resistant. (rF+) [potion
                  | of mutation]
  7603 | D:8      | Lost mutation: You are agile. (Dex +2) [potion of mutation]
  7603 | D:8      | Gained mutation: You tend to lose your temper in combat.
                  | [potion of mutation]
  7603 | D:8      | Gained mutation: You are occasionally teleported next to
                  | monsters. [potion of mutation]
  7603 | D:8      | Gained mutation: You expend magic power (3 MP) to
                  | strengthen your wands. [potion of mutation]
  7604 | D:8      | Lost mutation: You tend to lose your temper in combat.
                  | [potion of mutation]
  7604 | D:8      | Lost mutation: You expend magic power (3 MP) to strengthen
                  | your wands. [potion of mutation]
  7604 | D:8      | Lost mutation: You are occasionally teleported next to
                  | monsters. [potion of mutation]
  7604 | D:8      | Gained mutation: Your mind is acute. (Int +2) [potion of
                  | mutation]
  7604 | D:8      | Gained mutation: Your spells are a little harder to cast,
                  | but a little more powerful. [potion of mutation]
  7604 | D:8      | Gained mutation: Your system is resistant to poisons.
                  | (rPois) [potion of mutation]
  7604 | D:8      | Gained mutation: Your flesh is heat resistant. (rF+)
                  | [potion of mutation]
  7656 | D:8      | Found a stormy altar of Qazlal.
  7656 | D:8      | Reached *** piety under Hepliaklqana
  7783 | D:8      | Found a staircase to the Lair.
  7785 | D:8      | Noticed an elephant
  7798 | D:8      | Killed an elephant
  7799 | D:8      | Reached XP level 10. HP: 41/69 MP: 3/24
  7897 | D:8      | Reached skill level 9 in Spellcasting
  8082 | D:8      | Noticed Erica
  8099 | D:8      | Killed Erica
  8323 | D:8      | Noticed a wolf spider
  8329 | D:8      | Killed a wolf spider
  8452 | D:8      | Found a shimmering altar of Xom.
  8452 | D:8      | Found a shimmering altar of Xom.
  8454 | D:8      | Found a shimmering altar of Xom.
  8454 | D:8      | Found a shimmering altar of Xom.
  8632 | D:8      | Found a burning altar of Makhleb.
  8813 | D:8      | Found Zaonum's Jewellery Shoppe.
  8914 | D:8      | Found Vizicaeb's Distillery.
  8917 | D:8      | Bought a potion of haste for 120 gold pieces
  8917 | D:8      | Bought a potion of curing for 30 gold pieces
  8917 | D:8      | Bought a potion of lignification for 36 gold pieces
  9402 | D:9      | Found a staircase to the Orcish Mines.
  9408 | D:9      | Reached skill level 10 in Spellcasting
  9486 | D:9      | Reached XP level 11. HP: 74/74 MP: 17/27
  9613 | D:9      | Noticed a manticore
  9616 | D:9      | Killed a manticore
 10219 | D:9      | Noticed a deep elf mage
 10226 | D:9      | Killed a deep elf mage
 10245 | D:9      | Found a white marble altar of Elyvilon.
 10381 | D:9      | Found a burning altar of Makhleb.
 10545 | D:9      | Reached skill level 11 in Spellcasting
 10653 | Orc      | Entered the Orcish Mines
 10679 | D:9      | Noticed a red ugly thing
 10702 | D:9      | Killed a red ugly thing
 10841 | D:10     | Entered Level 10 of the Dungeon
 10872 | D:10     | Noticed a green ugly thing
 10882 | D:10     | Killed a green ugly thing
 11030 | D:10     | Learned a level 5 spell: Dispel Undead
 11074 | D:10     | Got a bound wooden ring
 11076 | D:10     | Identified the ring "Gigocul" {Fire rPois} (You found it on
                  | level 10 of the Dungeon)
 11125 | D:10     | Reached **** piety under Hepliaklqana
 11568 | D:10     | Noticed a tengu warrior
 11577 | D:10     | Killed a tengu warrior
 11646 | D:11     | Noticed a centaur warrior
 11646 | D:11     | Noticed a six-headed hydra
 11805 | D:11     | Reached XP level 12. HP: 57/81 MP: 17/29
 11881 | D:11     | Noticed a vault guard
 11901 | D:11     | Reached skill level 12 in Spellcasting
 11956 | D:11     | Killed a vault guard
 12189 | D:11     | Identified the +7 great sword "Oseam" {venom, rElec rN+++
                  | Str-4 Dex-4}
 12191 | D:11     | Killed a six-headed hydra
 12193 | D:11     | Killed a centaur warrior
 12224 | D:11     | Noticed an ettin
 12647 | D:11     | Found Dappalot's Jewellery Shoppe.
 12818 | D:11     | Noticed a centaur warrior
 12826 | D:11     | Killed a centaur warrior
 13230 | D:11     | Noticed a vault guard
 13235 | D:11     | Reached skill level 13 in Spellcasting
 13249 | D:11     | Killed a vault guard
 13251 | D:11     | Noticed a vault guard
 13328 | D:11     | Killed a vault guard
 13351 | D:11     | Noticed a vault guard
 13364 | D:11     | Killed a vault guard
 13365 | D:11     | Reached XP level 13. HP: 65/89 MP: 1/32
 13417 | D:11     | Noticed a vault guard
 13422 | D:11     | Killed a vault guard
 13440 | D:11     | Found a gate to the Vaults.
 13584 | D:11     | Killed an ettin
 13728 | Lair:1   | Entered Level 1 of the Lair of Beasts
 13739 | Lair:1   | Learned a level 5 spell: Summon Forest
 14078 | Lair:1   | Noticed Nergalle
 14092 | Lair:1   | Killed Nergalle
 14336 | Lair:1   | Reached ***** piety under Hepliaklqana
 14343 | Lair:1   | Reached skill level 14 in Spellcasting
 15761 | Lair:3   | Found a runed translucent gate.
 15762 | Lair:3   | Noticed quik's ghost (journeyman DDFi)
 15764 | Lair:3   | Found a runed translucent gate.
 15764 | Lair:3   | Found a runed translucent gate.
 16621 | Lair:3   | Killed quik's ghost
 16856 | Lair:4   | Found a hole to the Spider Nest.
 17011 | Lair:4   | Found a runed door.
 17015 | Lair:4   | Found a staircase to the Shoals.
 17199 | Lair:4   | Reached skill level 5 in Fighting
 17208 | Lair:4   | Reached XP level 14. HP: 96/96 MP: 10/34
 17215 | Lair:4   | Learned a level 6 spell: Freezing Cloud
 17642 | Lair:4   | Reached ****** piety under Hepliaklqana
 17786 | Lair:5   | Reached skill level 1 in Invocations
 17956 | Lair:5   | Reached skill level 15 in Spellcasting
 17958 | Lair:5   | Reached skill level 5 in Stealth
 18591 | Lair:5   | Found a staircase to the Slime Pits.
 18591 | Lair:5   | Found a viscous altar of Jiyva.
 18788 | Slime:1  | Entered Level 1 of the Pits of Slime
 18789 | Slime:1  | Noticed an acid blob
 18794 | Slime:1  | Noticed an acid blob
 18863 | Lair:6   | Entered Level 6 of the Lair of Beasts
 19752 | Lair:6   | Found the +4 serpentine sling {petrify}
 20355 | Lair:6   | Found a large runed door.
 20356 | Lair:6   | Found a large runed door.
 20883 | Lair:6   | Reached skill level 5 in Invocations
 21231 | Orc      | Reached XP level 15. HP: 104/104 MP: 26/36
 21275 | Orc      | Reached skill level 1 in Slings
 21700 | D:12     | Entered Level 12 of the Dungeon
 21785 | Orc      | Found a roughly hewn altar of Beogh.
 21865 | Orc      | Found a staircase to the Elven Halls.
 21967 | Orc      | Reached skill level 1 in Throwing
 21980 | Orc      | Noticed an orc warlord
 21982 | Orc      | Found a roughly hewn altar of Beogh.
 22043 | Orc      | Killed an orc warlord
 22148 | Orc      | Found Tocouxto's Antique Armour Shop.
 22149 | Orc      | Found a roughly hewn altar of Beogh.
 22155 | Orc      | Found Akaxzeom's Antique Weapon Boutique.
 22213 | Orc      | Found a roughly hewn altar of Beogh.
 22227 | Orc      | Found Gaeh's Assorted Antiques.
 22327 | Orc      | Found a roughly hewn altar of Beogh.
 22338 | Orc      | Reached skill level 16 in Spellcasting
 22372 | Orc      | Found Egaosir's Assorted Antiques.
 22465 | Orc      | Found a shimmering blue altar of Sif Muna.
 22502 | Orc      | Found a roughly hewn altar of Beogh.
 22642 | D:11     | Bought the ring of Gyrghon {MP+9 EV+5 Slay+2} for 1233 gold
                  | pieces
 22843 | D:12     | Noticed Snorg
 22852 | D:12     | Killed Snorg
 23269 | D:12     | Found a staircase to the Depths.
 24075 | Spider:1 | Entered Level 1 of the Spider Nest
 24081 | Spider:1 | Reached skill level 5 in Dodging
 24542 | Elf:1    | Entered Level 1 of the Elven Halls
 24722 | Elf:1    | Found Doli's Magic Scroll Boutique.
 24734 | Elf:1    | Bought a scroll of blinking for 135 gold pieces
 24734 | Elf:1    | Bought a scroll of identify for 36 gold pieces
 24734 | Elf:1    | Bought a scroll of enchant armour for 135 gold pieces
 24764 | Elf:1    | Found Kenygegu's Antique Armour Shoppe.
 24800 | Elf:1    | Found Vahoisedgh's Food Boutique.
 24829 | Elf:1    | Found a magical portal.
 24829 | Elf:1    | Noticed Bai Suzhen
 24897 | Elf:1    | Killed Bai Suzhen
 24933 | Elf:1    | Reached XP level 16. HP: 88/113 MP: 17/38
 24940 | Elf:1    | Learned a level 6 spell: Aura of Abjuration
 25013 | WizLab   | Entered Wucad Mu's Monastery
 25045 | WizLab   | Noticed a grey draconian monk
 25045 | WizLab   | Noticed a grey draconian monk
 25211 | WizLab   | Noticed a grey draconian monk
 25236 | WizLab   | Noticed a grey draconian monk
 25256 | WizLab   | Found the +9 staff of Wucad Mu {crush, +Abjure *Drain
                  | MP+20}
 25773 | Elf:1    | Reached skill level 1 in Staves
 25797 | Elf:1    | Reached skill level 1 in Evocations
 26134 | Elf:2    | Reached XP level 17. HP: 97/124 MP: 39/39
 26180 | Elf:2    | Found Romypo's Jewellery Boutique.
 26215 | Elf:2    | Reached skill level 17 in Spellcasting
 26407 | Elf:2    | Found a runed gate.
 26408 | Elf:2    | Found a runed gate.
 26408 | Elf:2    | Found a runed gate.
 26438 | Elf:2    | Found Lunnor's Distillery.
 26628 | Elf:3    | Entered Level 3 of the Elven Halls
 26630 | Elf:3    | Found Piocar's Antique Weapon Emporium.
 26884 | Elf:3    | Reached skill level 5 in Staves
 27090 | Elf:3    | Got a coiled brass amulet
 27092 | Elf:3    | Identified the amulet of Rainkuch {Inacc rPois} (You found
                  | it on level 3 of the Elven Halls)
 27349 | Elf:3    | Found a radiant altar of Vehumet.
 27486 | Elf:3    | Noticed a deep elf blademaster
 27491 | Elf:3    | Killed a deep elf blademaster
 27560 | Elf:3    | HP: 9/186 [poisoned by a deep elf annihilator (poison
                  | arrow)]
 27650 | Elf:3    | Noticed a deep elf blademaster
 27659 | Elf:3    | Killed a deep elf blademaster
 27660 | Elf:3    | Reached XP level 18. HP: 60/131 MP: 41/41
 27742 | Elf:3    | Identified the cursed ring "Ynnolo" {*Slow rC+++ Str+3
                  | Int-3}
 27840 | Elf:3    | Reached skill level 18 in Spellcasting
 28129 | Elf:3    | Identified the ring of the Twisting Genius {rC++ rN+ Dex+4}
 28137 | Elf:3    | Identified the +10 broad axe of Hinoutir {vamp, rPois
                  | Str+2}
 28137 | Elf:3    | Identified the ring of Caokiale {rPois rF- MR+ Dex+8
                  | Stlth++}
 28270 | Elf:3    | Identified the ring of Nuanyi {rF+ MP+9 Int+6 Dex-3 Stlth+}
 28279 | Elf:3    | Identified the +10 trident of Zuotza {protect, +Blink +Inv
                  | rElec Int-4}
 28285 | Elf:3    | Noticed a deep elf master archer
 28302 | Elf:3    | Shot with an arrow by a deep elf master archer

Skill      XL: |  1  2  3  4  5  6  7  8  9 10 11 12 13 14 15 16 17 18 |
---------------+-------------------------------------------------------+-----
Spellcasting   | 4 5 6 7 8 10 11 13 14 15 16 17 18 | 18.2
Unarmed Combat | 1 2 3 4 |  4.8
Stealth        | 2 3 4 5 |  5.1
Fighting       | 1 2 3 4 5 6 7 9 |  9.6
Armour         | 2 3 |  3.2
Short Blades   | 1 2 |  2.6
Dodging        | 2 3 4 5 |  5.5
Invocations    | 5 6 |  6.7
Slings         | 1 |  1.1
Throwing       | 1 2 |  2.0
Staves         | 2 6 |  6.8
Evocations     | 2 3 |  3.0
Conjurations   | | 18.2
Hexes          | | 18.2
Charms         | | 18.2
Summonings     | | 18.2
Necromancy     | | 18.2
Translocations | | 18.2
Transmutations | | 18.2
Fire Magic     | | 18.2
Ice Magic      | | 18.2
Air Magic      | | 18.2
Earth Magic    | | 18.2
Poison Magic   | | 18.2

Action                   |  1- 3 |  4- 6 |  7- 9 | 10-12 | 13-15 | 16-18 || total
-------------------------+-------+-------+-------+-------+-------+-------++-------
Melee: Unarmed           |    42 |    66 |     9 |    24 |    47 |       ||   188
       Headbutt          |     4 |     6 |     8 |     8 |     9 |     3 ||    38
       Bite              |     2 |     3 |     5 |     1 |     3 |       ||    14
       Rapier            |       |       |    55 |       |       |       ||    55
       Punch             |       |       |     1 |       |     2 |       ||     3
       Staff             |       |       |       |       |       |    38 ||    38
 Fire: Hunting sling     |       |       |       |       |     6 |       ||     6
Throw: Tomahawk          |       |       |     3 |       |     3 |       ||     6
 Cast: Magic Dart        |    38 |    51 |    33 |     1 |       |       ||   123
       Throw Frost       |    19 |    31 |   102 |   199 |   188 |    27 ||   566
       Iskenderun's Myst |     1 |     2 |     5 |    65 |   480 |   180 ||   733
       Searing Ray       |       |     4 |    16 |    52 |    12 |     1 ||    85
       Fulminant Prism   |       |       |     5 |    18 |    17 |    10 ||    50
       Mephitic Cloud    |       |       |       |     1 |       |     1 ||     2
       Summon Forest     |       |       |       |       |     7 |     4 ||    11
       Freezing Cloud    |       |       |       |       |    20 |    21 ||    41
       Irradiate         |       |       |       |       |     4 |     1 ||     5
       Yara's Violent Un |       |       |       |       |     2 |       ||     2
       Aura of Abjuratio |       |       |       |       |       |    13 ||    13
Invok: Ancestor Life: Kn |       |       |     1 |       |       |       ||     1
       Recall Ancestor   |       |       |       |     1 |     4 |       ||     5
       Transference      |       |       |       |       |     3 |       ||     3
  Use: Scroll            |     2 |     8 |     9 |     4 |    11 |     6 ||    40
       Potion            |       |       |     5 |     1 |     8 |    16 ||    30
 Stab: Sleeping          |       |     1 |     2 |     1 |       |       ||     4
  Eat: Chunk             |     3 |    10 |    10 |    18 |    41 |    10 ||    92
       Ration            |       |       |     3 |     2 |     2 |     1 ||     8
Armor: Animal skin       |     5 |    14 |       |       |       |       ||    19
       Leather armour    |       |       |    15 |     4 |       |       ||    19
       Robe              |       |       |       |    20 |    13 |     5 ||    38
       Skin              |       |       |       |       |    22 |     5 ||    27
Dodge: Dodged            |    31 |    55 |    90 |   102 |   133 |    48 ||   459
Block: Other             |       |       |     1 |    16 |    22 |    11 ||    50
       Reflection        |       |       |       |     5 |     4 |     2 ||    11
